 Dungeon Crawl Stone Soup version 0.30-a0-777-ga9a30cbeda (webtiles) character file.

Game seed: 6522176759050197747

735 Zonian the Sneak (level 7, -3/37 HPs)
             Began as a Vine Stalker Brigand on Feb 15, 2023.
             Was a Believer of Uskayaw.
             Slain by a black bear (4 damage)
             ... on level 4 of the Dungeon.
             The game lasted 00:10:32 (4168 turns).

Zonian the Sneak (Vine Stalker Brigand)             Turns: 4168, Time: 00:10:32

Health: -3/37      AC:  4    Str: 13    XL:     7   Next: 74%
Magic:  0/8        EV: 13    Int: 11    God:    Uskayaw [**....]
Gold:   148        SH:  0    Dex: 18    Spells: 6/6 levels left

rFire   . . .      SeeInvis .    a - +3 dagger
rCold   . . .      Faith    .    (no shield)
rNeg    . . .      Spirit   +    b - +0 robe
rPois   .          Reflect  .    (no helmet)
rElec   .          Harm     .    c - +1 cloak
rCorr   .          Rampage  .    (no gloves)
Will    .....                    (no boots)
Stlth   ++++                     (no amulet)
HPRegen 1.06/turn                (no ring)
MPRegen 0.11/turn                (no ring)

@: no status effects
A: fangs 2, regeneration 1, magic shield, antimagic bite, no potion heal 2
a: Renounce Religion, Stomp, Line Pass


You were on level 4 of the Dungeon.
You worshipped Uskayaw.
Uskayaw was noncommittal.
You visited 1 branch of the dungeon, and saw 5 of its levels.

You collected 148 gold pieces.

Inventory:

Hand Weapons
 a - a +3 dagger (weapon)
 g - the +10 lajatang of Reasonable Integrity {flame, rElec rPois rN+ Int-3}
   (You acquired it on level 4 of the Dungeon)

   Int:       It affects your intelligence (-3).
   rElec:     It insulates you from electricity.
   rPois:     It protects you from poison.
   rN:        It protects you from negative energy.
 r - a +0 lajatang
 s - a +0 rapier
 y - a +2 spectral club
Missiles
 d - 7 poisoned darts (quivered)
 h - 5 atropa-tipped darts
Armour
 b - a +0 robe (worn)
 c - a +1 cloak (worn)
Scrolls
 f - 2 scrolls of poison
 i - 4 scrolls of teleportation
 j - 2 scrolls of vulnerability
 l - a scroll of blinking
 o - a scroll of enchant armour
Potions
 k - a potion of lignification {unknown}
 m - 3 potions of curing
 q - a potion of resistance
 u - 2 potions of flight
 v - 2 potions of mutation
 w - a potion of attraction {unknown}


   Skills:
 + Level 3.8 Fighting
 - Level 3.1 Short Blades
 + Level 1.8 Staves
 - Level 3.3 Throwing
 + Level 3.1 Dodging
 + Level 7.0 Stealth


You had 6 spell levels left.
You didn't know any spells.
Your spell library contained the following spells:

 Spells                   Type           Power      Damage    Failure   Level
 Apportation              Tloc           0%         N/A       34%         1
 Shock                    Conj/Air       0%         1d3       34%         1
 Gell's Gravitas          Tloc           0%         N/A       71%         3
 Swiftness                Air            0%         N/A       71%         3
 Teleport Other           Tloc           0%         N/A       71%         3
 Airstrike                Air            0%         2d(0-16)  98%         4
 Dispersal                Tloc           0%         N/A       100%        6


Dungeon Overview and Level Annotations

Branches:
Dungeon (5/15)
 Temple: D:4-7

Altars:
Dithmenos
Elyvilon
Fedhas
Kikubaaqudgha
Uskayaw
Yredelemnul

Shops:
D:3 :

Annotations:
D:4 Menkaure


Innate Abilities, Weirdness & Mutations

You have extremely sharp teeth.
Your natural rate of healing is unusually fast.
When hurt, damage is shared between your health and your magic reserves.
Your bite disrupts and absorbs the magic of your enemies.
Potions cannot restore your health.


Message History

The black bear claws you but does no damage.
The black bear completely misses you.
You hit the black bear. You bite the black bear. You drain its power.
You feel invigorated.
The black bear is almost dead.
The black bear closely misses you.
The black bear claws you but does no damage.
The black bear barely misses you.
You hit the black bear.
The black bear is almost dead.
The black bear misses you. The black bear claws you. x2
The black bear bites you.
* * * LOW HITPOINT WARNING * * *
The black bear claws you but does no damage.
The black bear misses you.
You barely miss the black bear. Your bite misses the black bear.
The black bear is almost dead.
The black bear misses you. The black bear claws you.
* * * LOW HITPOINT WARNING * * *
The black bear claws you but does no damage.
Okay, then.
Throw: 2 throwing nets
Press: ? - help, Shift-Dir - straight line, f - black bear
Aim: a black bear (almost dead, berserk, 70% to hit)
You throw a throwing net.
The throwing net barely misses the black bear.
The black bear bites you.
* * * LOW HITPOINT WARNING * * *
The black bear claws you but does no damage.
The black bear barely misses you.
Throw: throwing net
Press: ? - help, Shift-Dir - straight line, f/p - black bear
Aim: a black bear (almost dead, berserk, 70% to hit)
You throw a throwing net.
The throwing net barely misses the black bear.
The black bear bites you.
* * * LOW HITPOINT WARNING * * *
The black bear claws you but does no damage.
The black bear claws you.
You die...

#...# #####.......# ###..#
#...# *,.$#######.#####....#
#...##*W..#.....#.......##.#
#....##zo,#.............###.
##...###**#..............###
#....### ##....>........##.
##.....####......>......#..
##......h#.............#..
##......@<..........).#..
###....#..............#.
#########..............##
###.####.......##..........
#.....##.#####.#######.....
#.....#..# #)..(..###...#
#.....#.## ##.....##..###
#.....#)# #........##
#....†).# #......###


You could see a black bear (berserk).

Vanquished Creatures
  Prince Ribbit (D:5)
  Sigmund (D:2)
  A phantom (D:3)
  A scorpion (D:4)
  2 jellies
  Jessica (D:3)
  Ijyb (D:3)
  An iguana (D:4)
  3 adders
  4 gnolls (D:4)
  An ufetubus (D:5)
  A dart slug (D:5)
  An orc (D:4)
  5 bats
  7 endoplasms
  A giant cockroach (D:3)
  5 goblins
  10 hobgoblins
  4 jackals (D:4)
  6 kobolds
  4 quokkas
  3 ball pythons
  3 frilled lizards
  2 rats
69 creatures vanquished.

Vanquished Creatures (others)
  A plant (D:4)
  2 withered plants (D:4)
3 creatures vanquished.

Grand Total: 72 creatures vanquished

Notes
Turn   | Place    | Note
-------+----------+-------------------------------------------
     0 | D:1      | Zonian the Vine Stalker Brigand began the quest for the
                  | Orb.
     0 | D:1      | Reached XP level 1. HP: 11/11 MP: 2/2
   107 | D:1      | Reached skill level 1 in Dodging
   107 | D:1      | Reached XP level 2. HP: 15/15 MP: 3/3
   254 | D:1      | Reached skill level 5 in Stealth
  1062 | D:2      | Reached XP level 3. HP: 16/18 MP: 4/4
  1330 | D:2      | Noticed Sigmund
  1340 | D:2      | Killed Sigmund
  1341 | D:2      | Gained mutation: Your natural rate of healing is unusually
                  | fast. [Vine Stalker growth]
  1341 | D:2      | Reached XP level 4. HP: 18/23 MP: 3/5
  1341 | D:2      | Reached XP level 5. HP: 21/27 MP: 3/6
  1892 | D:3      | Found a white marble altar of Elyvilon.
  1940 | D:3      | Found a hide-covered altar of Uskayaw.
  1970 | D:3      | Noticed a phantom
  1981 | D:3      | Became a worshipper of Uskayaw the Reveller
  1983 | D:3      | Reached * piety under Uskayaw
  1990 | D:3      | Reached ** piety under Uskayaw
  1999 | D:3      | Reached *** piety under Uskayaw
  2000 | D:3      | Killed a phantom
  2001 | D:3      | Reached skill level 6 in Stealth
  2001 | D:3      | Reached XP level 6. HP: 27/32 MP: 7/7
  2188 | D:3      | Found Yczerphu's Book Shop.
  2348 | D:3      | Noticed Ijyb
  2372 | D:3      | Killed Ijyb
  2539 | D:3      | Noticed Jessica
  2543 | D:3      | Killed Jessica
  2553 | D:3      | Got Jessica's Guide on Places
  2605 | D:3      | Found a basalt altar of Yredelemnul.
  2987 | D:4      | Identified a scroll of acquirement
  2987 | D:4      | Acquired the +10 lajatang of Reasonable Integrity {flame,
                  | rElec rPois rN+ Int-3}
  3317 | D:4      | Found an ancient bone altar of Kikubaaqudgha.
  3322 | D:4      | Found a blossoming altar of Fedhas.
  3323 | D:4      | Noticed Menkaure
  3341 | D:4      | You fall into a shaft and drop 1 floor!
  3341 | D:5      | Entered Level 5 of the Dungeon
  3349 | D:5      | Reached XP level 7. HP: 36/36 MP: 8/8
  3388 | D:5      | Noticed Prince Ribbit
  3405 | D:5      | Killed Prince Ribbit
  3406 | D:5      | Reached skill level 1 in Staves
  3814 | D:4      | Found a shadowy altar of Dithmenos.
  4100 | D:4      | Reached **** piety under Uskayaw
  4102 | D:4      | Reached skill level 7 in Stealth
  4168 | D:4      | HP: 1/37 [black bear (5)]
  4168 | D:4      | Slain by a black bear

Illustrated notes

Levels and vault maps discovered:
D:1:      dpeg_arrival_signposts, layout_basic, nrook_mini_vaults
D:2:      layout_basic, uniq_sigmund
D:3:      layout_loops_ring, mainiacjoe_overflow_catwalk, lemuel_crystal_altar,
          mainiacjoe_overflow_boulevard, serial_shops, nicolae_shop_statue_plus,
          kennysheep_jessica_study, uniq_ijyb
D:4:      nicolae_cairo_tiling, layout_rooms,
          grunt_temple_overflow_growth_and_decay, grunt_dithmenos_smoke,
          lightli_corner_chamber, uniq_menkaure
D:5:      layout_loops_corners, marbit_many_paths, hangedman_ru_absence,
          serial_shops, nicolae_shop_temple_entry_statues_fountains,
          uniq_prince_ribbit1

Skill      XL: |  1  2  3  4  5  6  7 |
---------------+----------------------+-----
Dodging        | 1 2 3 |  3.1
Throwing       | 2 3 |  3.3
Stealth        | 5 6 7 |  7.0
Fighting       | 2 3 |  3.8
Short Blades   | 2 3 |  3.1
Staves         | 1 |  1.8

Action                     |  1- 3 |  4- 6 |  7- 9 || total
---------------------------+-------+-------+-------++-------
  Melee: Dagger            |    51 |    63 |    55 ||   169
         Bite              |    11 |    19 |    19 ||    49
         Club              |       |    12 |       ||    12
         Punch             |       |       |     3 ||     3
  Throw: Dart              |    35 |    24 |    15 ||    74
         Throwing net      |       |       |     2 ||     2
  Evoke: Wand              |       |     1 |     1 ||     2
    Use: Scroll            |       |     6 |     9 ||    15
         Potion            |       |     2 |       ||     2
   Stab: Sleeping          |     6 |     8 |     2 ||    16
         Paralysed         |       |     1 |     2 ||     3
 Armour: Robe              |     8 |     7 |    11 ||    26
  Dodge: Dodged            |    31 |    35 |    45 ||   111

Table legend: (Time is in decaauts)
 A = Elapsed time spent in this place.
 B = Non-inter-level travel time spent in this place.
 C = Inter-level travel time spent in this place.
 D = Time resting spent in this place.
 E = Time spent auto-exploring this place.
 F = Levels seen in this place.
 G = Mean time per level.
                   A        B        C        D        E       F      G
               +--------+--------+--------+--------+--------+-----+--------+
         Total |   4138 |   4088 |     50 |    694 |   2579 |   5 |  827.6 |
       Dungeon |   4138 |   4088 |     50 |    694 |   2579 |   5 |  827.6 |
               +--------+--------+--------+--------+--------+-----+--------+

Top non-repeatable levels by time:
     D:1: 1041 daAuts
     D:3: 956 daAuts
     D:4: 908 daAuts
     D:2: 836 daAuts
     D:5: 396 daAuts
